 Dungeon Crawl Stone Soup version 0.30-a0-782-ge64f9170bb (webtiles) character file.

Game seed: 3024974921289406486

18280 mopl the Jinx (level 12, -2/61 HPs)
             Began as a Deep Elf Enchanter on Mar 13, 2023.
             Was an Elder of Dithmenos.
             Slain by an ettin (28 damage)
             ... on level 1 of the Orcish Mines.
             The game lasted 00:27:17 (13615 turns).

mopl the Jinx (Deep Elf Enchanter)                 Turns: 13615, Time: 00:27:18

Health: -2/61      AC: 13    Str:  5    XL:     12   Next: 26%
Magic:  29/29      EV: 13    Int: 26    God:    Dithmenos [****..]
Gold:   921        SH:  0    Dex: 15    Spells: 20/33 levels left

rFire   . . .      SeeInvis .    a - +3 dagger
rCold   . . .      Faith    .    (no shield)
rNeg    . . .      Spirit   .    o - +0 steam dragon scales
rPois   +          Reflect  .    I - +2 helmet
rElec   .          Harm     .    (no cloak)
rCorr   .          Rampage  .    D - +0 pair of gloves
Will    +....                    (no boots)
Stlth   +++++++                  Q - amulet of magic regeneration
HPRegen 0.30/turn                k - +4 ring of protection
MPRegen 0.61/turn                W - ring of poison resistance

@: wreathed by umbra
A: no striking features
a: Renounce Religion, Shadow Step


You were on level 1 of the Orcish Mines.
You worshipped Dithmenos.
Dithmenos was greatly pleased with you.
You visited 4 branches of the dungeon, and saw 15 of its levels.
You also visited: Ossuary.

You collected 1196 gold pieces.
You spent 275 gold pieces at shops.

Inventory:

Hand Weapons
 a - a +3 dagger (weapon)
 b - a +0 dagger of venom
 T - the +7 war axe "Iweo" {flame, rElec rPois Str+2}
   (You found it on level 10 of the Dungeon)

   Str:       It affects your strength (+2).
   rElec:     It insulates you from electricity.
   rPois:     It protects you from poison.
Missiles
 d - 3 boomerangs of dispersal
 e - 4 atropa-tipped darts
 s - 28 poisoned darts
 t - a throwing net
 Y - 3 curare-tipped darts
Armour
 o - +0 steam dragon scales (worn)
 D - a +0 pair of gloves (worn)
 I - a +2 helmet (worn)
Jewellery
 k - a +4 ring of protection (left hand)
 n - a ring of fire
 y - a ring of flight
 N - a ring of positive energy
 Q - an amulet of magic regeneration (around neck)
 W - a ring of poison resistance (right hand)
Wands
 q - a wand of quicksilver (10)
 A - a wand of flame (41)
 J - a wand of charming (4)
 V - a wand of iceblast (2)
 Z - a wand of mindburst (10)
Scrolls
 m - 8 scrolls of teleportation
 u - 3 scrolls of fog {unknown}
 v - 3 scrolls of brand weapon {unknown}
 x - 7 scrolls of poison
 C - 5 scrolls of fear {unknown}
 F - 3 scrolls of magic mapping {unknown}
 K - 2 scrolls of acquirement {unknown}
 M - 3 scrolls of blinking {unknown}
 U - 4 scrolls of immolation {unknown}
 X - 2 scrolls of silence {unknown}
Potions
 c - 3 potions of invisibility
 f - 2 potions of mutation {!q}
 g - 5 potions of heal wounds
 h - 3 potions of flight
 l - 4 potions of haste
 r - 5 potions of lignification {unknown}
 w - 4 potions of berserk rage {!q}
 z - 6 potions of attraction {unknown}
 B - a potion of magic
 E - 3 potions of ambrosia
 G - 5 potions of curing
 H - 4 potions of resistance
 O - 5 potions of brilliance
 P - 2 potions of might
 S - a potion of experience {unknown}
Miscellaneous
 L - a phantom mirror


   Skills:
 + Level 1.2 Fighting
 + Level 8.5 Short Blades
 + Level 6.1 Throwing
 + Level 3.3 Dodging
 + Level 11.6 Stealth
 - Level 11.2 Spellcasting
 + Level 11.6 Hexes
 - Level 4.0 Translocations
 + Level 6.7 Invocations
 + Level 6.6 Evocations


You had 20 spell levels left.
You knew the following spells:

 Your Spells              Type           Power      Damage    Failure   Level
a - Dazzling Flash        Conj/Hex       88%        N/A       1%          3
b - Ensorcelled Hibernat  Hex/Ice        88%        N/A       1%          2
c - Confusing Touch       Hex            66%        N/A       1%          3
d - Tukima's Dance        Hex            66%        N/A       1%          3
e - Blink                 Tloc           70%        N/A       1%          2

Your spell library contained the following spells:

 Spells                   Type           Power      Damage    Failure   Level
 Apportation              Tloc           70%        N/A       1%          1
 Lesser Beckoning         Tloc           70%        N/A       1%          2
 Summon Guardian Golem    Hex/Summ       44%        N/A       1%          3
 Momentum Strike          Conj/Tloc      48%        3d9       2%          2
 Necrotise                Necr           56%        1d6       4%          1
 Summon Small Mammal      Summ           56%        N/A       4%          1
 Call Canine Familiar     Summ           14%        N/A       12%         3
 Vampiric Draining        Necr           14%        2d7       12%         3
 Agony                    Necr           14%        N/A       75%         5
 Alistair's Intoxication  Tmut/Pois      9%         N/A       75%         5
 Freezing Cloud           Conj/Ice/Air   7%         6-21      75%         5
 Simulacrum               Ice/Necr       7%         N/A       99%         6
 Borgnjor's Revivificati  Necr           7%         N/A       100%        8
 Necromutation            Tmut/Necr      7%         N/A       100%        8
 Death's Door             Necr           7%         N/A       100%        9
 Polar Vortex             Ice            7%         N/A       100%        9


Dungeon Overview and Level Annotations

Branches:
Dungeon (10/15)            Temple (1/1) D:5            Lair (3/5) D:10
  Swamp (0/4) Lair:3       Spider (0/4) Lair:2          Orc (1/2) D:9
Ossuary (visited)

Altars:
Ashenzari
Cheibriados
Dithmenos
Elyvilon
Fedhas
Gozag
Hepliaklqana
Kikubaaqudgha
Makhleb
Nemelex Xobeh
Okawaru
Qazlal
Ru
Sif Muna
Trog
Uskayaw
Vehumet
Wu Jian
Xom
Yredelemnul
Zin
The Shining One

Shops:
D:7 (:   D:9 *   D:10 *

Annotations:
D:9 2 transporters
Lair:1 exclusion: 2 oklob plants


Message History

You hit the ettin but do no damage.
The ettin appears confused.
The ettin is heavily wounded.
Your +0 dire flail hits the ettin!
The ettin hits your +0 dire flail!!
Your +0 dire flail falls from the air.
The ettin hits something!!
Throw: 32 darts (poison)
Press: ? - help, Shift-Dir - straight line, f/p - ettin
Aim: an ettin (black smoke, severely wounded, wandering, confused, hasn't noticed you, 90% to hit)
You throw a poisoned dart. The poisoned dart hits the ettin!
The ettin is poisoned.
The ettin is severely wounded.
Throw: 31 darts (poison)
Press: ? - help, Shift-Dir - straight line, f/p - ettin
Aim: an ettin (black smoke, severely wounded, confused, very poisoned, 90% to hit)
You throw a poisoned dart. The poisoned dart hits the ettin.
The ettin looks even sicker.
The ettin is severely wounded.
Throw: 30 darts (poison)
Press: ? - help, Shift-Dir - straight line, f/p - ettin
Aim: an ettin (black smoke, severely wounded, confused, very poisoned, umbra, 90% to hit)
You throw a poisoned dart. The poisoned dart hits the ettin!
The ettin looks as sick as possible!
The ettin is severely wounded.
Throw: 29 darts (poison)
Press: ? - help, Shift-Dir - straight line, f/p - ettin
Aim: an ettin (severely wounded, confused, extremely poisoned, umbra, 90% to hit)
You throw a poisoned dart. The poisoned dart hits the ettin!
The ettin looks as sick as possible!
The ettin is severely wounded.
Found 36 gold pieces.
Casting: Confusing Touch (safe; 1% risk of failure)
Confirm with . or Enter, or press ? or * to list all spells.
Aiming: Ensorcelled Hibernation (safe; 1% risk of failure)
Press: ? - help, Shift-Dir - straight line, f/p - ettin
Aim: an ettin (severely wounded, confused, extremely poisoned, umbra, chance to affect: 50%)
The ettin looks drowsy...
The ettin shouts in stereo!
The ettin hits you!!
You die...

#...## ##.....#.
##.....#.....##........
..............#..#....
#...........[.........
##...........#.#.......
$...........#.§......#
....#......§§.....##
##.#......§§§§....##
#..@C....((§§§...##
#........#....(..§(....#
............##........##
#.............§...#####
###...#............
#.............#.$..
#........#.#.#.....
##.#.....######....


You could see an ettin (confused, very poisoned).

Vanquished Creatures
  Snorg (Orc:1)
  A two-headed ogre (Orc:1)
  A pharaoh ant (Lair:2)
  A wolf spider (Lair:2)
  3 orc sorcerers (Orc:1)
  A cyclops (D:9)
  5 cane toads
  A kobold demonologist (D:8)
  2 komodo dragons (Lair:3)
  A troll (D:10)
  A hornet (Lair:2)
  Grinder (D:6)
  A tyrant leech (Lair:3)
  9 blink frogs
  2 dancing weapons (Orc:1)
  3 jumping spiders (Lair:2)
  2 shadows (D:10)
  A wraith (D:10)
  4 wyverns
  5 yaks (D:9)
  3 basilisks
  2 steam dragons
  2 swamp worms (Lair:3)
  5 water moccasins
  A black bear (D:6)
  4 orc warriors
  4 ice beasts
  A sky beast (D:7)
  4 ogres
  13 wolves
  2 centaurs (D:9)
  2 kobold brigands (D:8)
  A phantom (D:5)
  10 bullfrogs
  5 scorpions
  A necrophage (D:3)
  A gnoll sergeant (D:9)
  9 wights
  2 howler monkeys
  2 electric eels (D:10)
  2 jellies
  A gnoll bouda (D:8)
  5 orc priests
  7 hounds
  2 iguanas
  17 orc wizards
  8 mummies (Ossuary)
  Robin (D:4)
  6 gnolls
  13 adders
  A shadow imp (D:7)
  A white imp (D:8)
  2 ufetubi
  3 worms
  2 dart slugs (D:1)
  37 orcs
  6 ball pythons
  2 bats
  7 endoplasms
  4 giant cockroaches
  2 gnoll zombies (Ossuary)
  15 goblins
  6 hobgoblins
  7 jackals
  17 kobolds
  4 quokkas
  5 frilled lizards
  A hobgoblin zombie (Ossuary)
  3 kobold zombies (Ossuary)
  2 orc zombies (Ossuary)
  5 rats
314 creatures vanquished.

Vanquished Creatures (collateral kills)
  An orc warrior (D:9)
  9 wights
  An orc (D:9)
11 creatures vanquished.

Vanquished Creatures (others)
  A dancing weapon (D:8)
  6 fungi
  22 plants
29 creatures vanquished.

Grand Total: 354 creatures vanquished

Notes
Turn   | Place    | Note
-------+----------+-------------------------------------------
     0 | D:1      | mopl the Deep Elf Enchanter began the quest for the Orb.
     0 | D:1      | Reached XP level 1. HP: 10/10 MP: 6/6
   109 | D:1      | Reached XP level 2. HP: 5/15 MP: 8/8
   114 | D:1      | Learned a level 2 spell: Ensorcelled Hibernation
   337 | D:1      | Reached skill level 4 in Stealth
   597 | D:1      | Reached XP level 3. HP: 19/19 MP: 10/10
  1060 | D:2      | Reached skill level 2 in Short Blades
  1060 | D:2      | Reached XP level 4. HP: 23/24 MP: 4/11
  1065 | D:2      | Reached skill level 4 in Spellcasting
  1093 | D:1      | Learned a level 3 spell: Confusing Touch
  1097 | D:1      | Learned a level 3 spell: Tukima's Dance
  1101 | D:1      | Learned a level 3 spell: Dazzling Flash
  1293 | D:2      | Reached skill level 5 in Hexes
  1893 | D:3      | Reached skill level 5 in Stealth
  1893 | D:3      | Reached XP level 5. HP: 28/28 MP: 13/13
  1959 | D:3      | Found a radiant altar of Vehumet.
  2060 | D:3      | Reached skill level 3 in Short Blades
  2109 | D:3      | Reached XP level 6. HP: 32/32 MP: 15/15
  2609 | D:3      | Found a sacrificial altar of Ru.
  2776 | D:3      | Learned a level 2 spell: Blink
  2833 | D:4      | Reached skill level 5 in Spellcasting
  2852 | D:4      | Found a sand-covered staircase.
  2873 | D:4      | Noticed an ice beast
  2892 | D:4      | Killed an ice beast
  2893 | D:4      | Reached skill level 1 in Translocations
  2951 | Ossuary  | Entered an ossuary
  2986 | Ossuary  | Reached skill level 6 in Hexes
  3021 | Ossuary  | Reached XP level 7. HP: 36/36 MP: 17/17
  3026 | Ossuary  | Reached skill level 6 in Stealth
  3198 | D:4      | Reached skill level 2 in Translocations
  3335 | D:4      | Noticed Robin
  3350 | D:4      | Killed Robin
  3769 | D:4      | Reached skill level 6 in Spellcasting
  4118 | D:4      | Found an ornate altar of the Wu Jian Council.
  4123 | D:4      | Reached skill level 4 in Short Blades
  4493 | D:5      | Entered Level 5 of the Dungeon
  4904 | D:5      | Found a shimmering blue altar of Sif Muna.
  4923 | D:5      | Reached skill level 3 in Translocations
  4929 | D:5      | Reached XP level 8. HP: 41/41 MP: 19/19
  4971 | D:5      | Reached skill level 7 in Hexes
  4976 | D:5      | Reached skill level 7 in Stealth
  4999 | D:5      | Found a hazy altar of Hepliaklqana.
  5092 | D:5      | Found a staircase to the Ecumenical Temple.
  5101 | Temple   | Entered the Ecumenical Temple
  5635 | D:5      | Found a glowing silver altar of Zin.
  5641 | D:5      | Reached skill level 7 in Spellcasting
  5758 | D:6      | Noticed Grinder
  5766 | D:6      | Reached skill level 4 in Translocations
  5838 | D:6      | Killed Grinder
  5839 | D:6      | Reached skill level 5 in Short Blades
  6008 | D:6      | Reached skill level 8 in Hexes
  6131 | D:6      | Reached skill level 8 in Stealth
  6424 | D:7      | Found Naimorem's Weapon Boutique.
  6436 | D:7      | Reached XP level 9. HP: 45/45 MP: 19/22
  6444 | D:7      | Reached skill level 8 in Spellcasting
  6718 | D:7      | Found Ughoecuji's Tremendous Tomes.
  7067 | D:8      | Found a shadowy altar of Dithmenos.
  7088 | D:8      | Became a worshipper of Dithmenos the Shadowed
  7367 | D:8      | Reached skill level 1 in Throwing
  7367 | D:8      | Reached skill level 1 in Invocations
  7367 | D:8      | Reached skill level 1 in Evocations
  7648 | D:8      | Reached skill level 6 in Short Blades
  7701 | D:8      | Reached skill level 9 in Hexes
  7736 | D:8      | Reached * piety under Dithmenos
  7763 | D:8      | Reached skill level 2 in Invocations
  7763 | D:8      | Reached skill level 2 in Evocations
  7902 | D:8      | Reached skill level 2 in Throwing
  7952 | D:7      | Reached skill level 9 in Stealth
  8492 | D:9      | Noticed a kobold demonologist
  8497 | D:9      | Noticed an ice devil
  8503 | D:8      | Killed a kobold demonologist
  8504 | D:8      | Reached skill level 9 in Spellcasting
  8504 | D:8      | Reached XP level 10. HP: 50/50 MP: 19/25
  8521 | D:8      | HP: 2/50 [poisoned by a kobold brigand (curare-tipped
                  | dart)]
  8694 | D:9      | Reached skill level 3 in Invocations
  8696 | D:9      | Reached skill level 3 in Evocations
  8716 | D:9      | Found Qoanomotz's General Store.
  8722 | D:9      | Bought a potion of heal wounds for 55 gold pieces
  8722 | D:9      | Bought a potion of curing for 33 gold pieces
  8722 | D:9      | Bought a scroll of torment for 104 gold pieces
  8722 | D:9      | Bought a scroll of poison for 44 gold pieces
  8722 | D:9      | Bought 4 atropa-tipped darts for 39 gold pieces
  8773 | D:9      | Found a sparkling altar of Nemelex Xobeh.
  8855 | D:9      | Reached skill level 3 in Throwing
  8862 | D:9      | Reached ** piety under Dithmenos
  8975 | D:9      | Noticed a toenail golem
  8981 | D:9      | Found a transporter.
  8985 | D:9      | Noticed a rakshasa
  9092 | D:9      | Noticed a cyclops
  9138 | D:9      | Killed a cyclops
  9144 | D:9      | Reached skill level 4 in Invocations
  9198 | D:9      | Found a transporter.
  9214 | D:9      | Noticed a toenail golem
  9284 | D:9      | Found a staircase to the Orcish Mines.
  9405 | D:10     | Entered Level 10 of the Dungeon
  9430 | D:10     | Reached skill level 7 in Short Blades
  9430 | D:10     | Reached skill level 10 in Hexes
  9430 | D:10     | Reached skill level 4 in Evocations
  9434 | D:10     | Identified the +7 war axe "Iweo" {flame, rElec rPois Str+2}
  9606 | D:10     | Reached skill level 10 in Stealth
  9617 | D:10     | Found a glowing golden altar of the Shining One.
  9628 | D:10     | Found a staircase to the Lair.
  9630 | D:10     | Reached skill level 4 in Throwing
  9816 | Lair:1   | Entered Level 1 of the Lair of Beasts
  9840 | Lair:1   | Reached skill level 10 in Spellcasting
  9850 | Lair:1   | Reached XP level 11. HP: 52/54 MP: 17/27
  9948 | D:10     | Found Faent's Elemental Accessories.
 10549 | Lair:1   | Reached skill level 5 in Evocations
 10556 | Lair:1   | Reached skill level 5 in Invocations
 10624 | Lair:1   | Noticed an oklob plant
 10992 | Lair:1   | Noticed an oklob plant
 11361 | Lair:2   | Noticed a wolf spider
 11376 | Lair:2   | Reached *** piety under Dithmenos
 11401 | Lair:2   | Killed a wolf spider
 11402 | Lair:2   | Reached skill level 5 in Throwing
 11606 | Lair:2   | Reached skill level 11 in Hexes
 11721 | Lair:2   | Found a hole to the Spider Nest.
 11721 | Lair:2   | Noticed a pharaoh ant
 11735 | Lair:2   | Killed a pharaoh ant
 11736 | Lair:2   | Reached skill level 8 in Short Blades
 11736 | Lair:2   | Reached skill level 11 in Stealth
 12405 | Lair:3   | Reached skill level 11 in Spellcasting
 12405 | Lair:3   | Reached skill level 6 in Invocations
 12405 | Lair:3   | Reached skill level 6 in Evocations
 12505 | Lair:3   | Found a staircase to the Swamp.
 12566 | Lair:3   | Reached XP level 12. HP: 59/59 MP: 27/29
 13352 | Orc:1    | Entered Level 1 of the Orcish Mines
 13397 | Orc:1    | Noticed a two-headed ogre
 13403 | Orc:1    | Killed a two-headed ogre
 13404 | Orc:1    | Reached skill level 6 in Throwing
 13408 | Orc:1    | Reached skill level 3 in Dodging
 13500 | Orc:1    | Noticed Snorg
 13511 | Orc:1    | Killed Snorg
 13511 | Orc:1    | Reached **** piety under Dithmenos
 13512 | Orc:1    | Reached skill level 1 in Fighting
 13586 | Orc:1    | Noticed an ettin
 13615 | Orc:1    | Slain by an ettin

Illustrated notes

Levels and vault maps discovered:
D:1:      minmay_arrival_diagonal_passages, layout_basic
D:2:      layout_basic, kennysheep_generic_room_4
D:3:      layout_basic, mainiacjoe_overflow_paths,
          nicolae_ru_the_path_less_chosen, kennysheep_path_1, minmay_unequal
D:4:      layout_layer_cave, pdpol_wu_jian_five_deadly_venoms,
          nicolae_ossuary_entry_false_entrances, uniq_robin
D:5:      layout_gridville, nicolae_hepliaklqana_hazy_memory,
          mainiacjoe_overflow_six_doors_small, lemuel_coloured_pillars_altar,
          temple_hall
D:6:      layout_cave_pools, uniq_grinder
D:7:      layout_gridville, serial_shops, shop, nicolae_shop_i_like_big_books,
          corexii_checkpoint_a
D:8:      layout_loops_corners, grunt_dithmenos_smoke
D:9:      layout_basic, mainiacjoe_overflow_surrounded_room, orc_0_dummy,
          gammafunk_ghost_abyssal_escape, serial_shops, shop_statue,
          st_stairs_12
D:10:     layout_roguey, mainiacjoe_overflow_boulevard, erik_lair_island,
          nicolae_elemental_shop
Temple:   nicolae_temple_figure_eight
Lair:1:   hellmonk_ruined_rings, layout_cave_pods, grunt_forest_stairs_basic,
          disabler_island
Lair:2:   minmay_lair_venomous_thicket, layout_cave_pods,
          nicolae_spider_entry_lesser_pyramids
Lair:3:   layout_cave_pods, minmay_swamp_entry_worms, beast_lair_carwin_6
Orc:1:    layout_caves, basic_altar, nicolae_specific_store, uniq_snorg

Skill      XL: |  1  2  3  4  5  6  7  8  9 10 11 12 |
---------------+-------------------------------------+-----
Stealth        | 4 5 6 8 9 10 11 | 11.6
Short Blades   | 2 3 4 5 6 7 8 |  8.5
Spellcasting   | 4 5 6 7 9 10 11 | 11.2
Hexes          | 5 6 8 9 10 11 | 11.6
Translocations | 1 3 4 |  4.0
Throwing       | 2 4 5 6 |  6.1
Invocations    | 2 4 6 |  6.7
Evocations     | 2 4 6 |  6.6
Dodging        | 3 |  3.3
Fighting       | 1 |  1.2

Action                     |  1- 3 |  4- 6 |  7- 9 | 10-12 || total
---------------------------+-------+-------+-------+-------++-------
  Melee: Dagger            |    87 |   132 |   344 |   287 ||   850
         Punch             |       |     1 |     5 |     2 ||     8
  Throw: Dart              |       |       |       |     4 ||     4
   Cast: Ensorcelled Hiber |     8 |    13 |    68 |   135 ||   224
         Confusing Touch   |       |     2 |    11 |     4 ||    17
         Tukima's Dance    |       |       |    12 |     8 ||    20
  Evoke: Wand              |       |       |     2 |     1 ||     3
    Use: Potion            |       |     1 |       |     1 ||     2
         Scroll            |       |       |     8 |     2 ||    10
   Stab: Sleeping          |    10 |    16 |    61 |   104 ||   191
         Confused          |       |     3 |     8 |     2 ||    13
         Invisible         |       |     8 |       |       ||     8
         Distracted        |       |     1 |       |     1 ||     2
 Armour: Robe              |    21 |    29 |   116 |    38 ||   204
         Steam dragon scal |       |       |       |    57 ||    57
  Dodge: Dodged            |    39 |    71 |   191 |   151 ||   452

Table legend: (Time is in decaauts)
 A = Elapsed time spent in this place.
 B = Non-inter-level travel time spent in this place.
 C = Inter-level travel time spent in this place.
 D = Time resting spent in this place.
 E = Time spent auto-exploring this place.
 F = Levels seen in this place.
 G = Mean time per level.
                   A        B        C        D        E       F      G
               +--------+--------+--------+--------+--------+-----+--------+
         Total |  13426 |  12694 |    732 |   1243 |   8483 |  16 |  839.1 |
       Dungeon |   9712 |   9318 |    394 |   1083 |   5999 |  10 |  971.2 |
        Temple |    232 |    207 |     25 |      0 |    205 |   1 |  232.0 |
          Lair |   3031 |   2720 |    311 |    118 |   2109 |   3 | 1010.3 |
  Orcish Mines |    245 |    245 |      0 |     42 |     73 |   1 |  245.0 |
       Ossuary |    204 |    204 |      0 |      0 |     97 |   1 |  204.0 |
               +--------+--------+--------+--------+--------+-----+--------+

Top non-repeatable levels by time:
     D:4: 1505 daAuts
     D:8: 1402 daAuts
  Lair:1: 1117 daAuts
     D:3: 1049 daAuts
     D:9: 1014 daAuts
  Lair:2: 973 daAuts
     D:1: 966 daAuts
  Lair:3: 940 daAuts
     D:5: 915 daAuts
    D:10: 802 daAuts
     D:2: 788 daAuts
     D:7: 701 daAuts
     D:6: 565 daAuts
   Orc:1: 245 daAuts
  Temple: 232 daAuts
